 Dungeon Crawl Stone Soup version 0.20.0-7-g3b7b877 (webtiles) character file.

346741 Gorglomux the Warrior (level 22, -5/153 HPs)
             Began as a Gargoyle Gladiator on May 28, 2017.
             Was a Believer of the Shining One.
             Killed by the air
             ... invoked by a titan
             ... created by the fury of Okawaru
              (33 damage)
             ... on level 4 of the Vaults on May 29, 2017.
             The game lasted 01:50:21 (48062 turns).

Gorglomux the Warrior (Gargoyle Gladiator)         Turns: 48062, Time: 01:50:21

Health: -5/153     AC: 43    Str: 20    XL:     22   Next: 13%
Magic:  39/39      EV: 16    Int: 13    God:    the Shining One [**....]
Gold:   3673       SH: 15    Dex: 12    Spells: 21/21 levels left

rFire    + + +     SeeInvis +   l - +8 morningstar of Inconvenience {freeze, MP+9}
rCold    + . .     Gourm    +   s - +2 shield {rC+} {god gift}
rNeg     + + .     Faith    .   q - +1 fire dragon scales
rPois    ∞         Spirit   .   i - +2 helmet {SInv}
rElec    +         Reflect  .   j - scarf {repulsion} {god gift}
rCorr    +         Harm     .   F - +2 pair of gloves
MR       +....                  a - +0 pair of boots of the Hidden Vale {god gift, rF+ rCorr Dex-3}
Stlth    ..........             o - amulet of the gourmand
Regen    0.4/turn               c - ring of protection from cold
MPRegen  0.3/turn               g - ring of resist corrosion

@: marked, flying, very slightly contaminated, glowing, repel missiles
A: big wings, clever 1, clumsy 1, negative energy resistance 1, shaggy fur 1,
electricity resistance, unbreathing, petrification resistance, rot immunity, AC
+16
}: 2/15 runes: decaying, gossamer
a: Stop Flying, Divine Shield, Renounce Religion


You were on level 4 of the Vaults.
You worshipped the Shining One.
The Shining One was pleased with you.
You were very full.

You visited 6 branches of the dungeon, and saw 35 of its levels.
You visited the Abyss 2 times.
You also visited: Labyrinth and Ice Cave.

You collected 4551 gold pieces.
You spent 878 gold pieces at shops.

Inventory:

Hand Weapons
 l - the +8 morningstar of Inconvenience (weapon) {freeze, MP+9}
   (You took it off a tengu warrior on level 15 of the Dungeon)

   It has been specially enchanted to freeze those struck by it, causing extra
   injury to most foes and up to half again as much damage against particularly
   susceptible opponents.
   It can also slow down cold-blooded creatures.
   It affects your magic capacity (+9).
 t - a +5 demon whip of electrocution
Missiles
 Z - 5 throwing nets (quivered)
Armour
 a - the +0 pair of boots of the Hidden Vale (worn) {god gift, rF+ rCorr Dex-3}
   (Okawaru gifted it to you on level 1 of the Lair of Beasts)

   It affects your dexterity (-3).
   It protects you from fire.
   It protects you from acid and corrosion.
 i - a +2 helmet of see invisible (worn)
 j - a scarf of repulsion (worn) {god gift}
 q - +1 fire dragon scales (worn)
 s - a +2 shield of cold resistance (worn) {god gift}
 F - a +2 pair of gloves (worn)
Jewellery
 c - a ring of protection from cold (left hand)
 d - the ring "Dahigyc" {rF+ rN+ Dex+4}
   (You found it in a labyrinth)

   [ring of protection from fire]

   It affects your dexterity (+4).
   It protects you from fire.
   It protects you from negative energy.
 g - a ring of resist corrosion (right hand)
 o - an amulet of the gourmand (around neck)
 C - a +5 ring of strength
Wands
 f - a wand of digging (21/24)
 x - a wand of clouds (4/9)
 A - a wand of acid (0/15)
 G - a wand of acid (3/15)
 I - a wand of iceblast (7/15)
 O - a wand of clouds (3/9)
 S - a wand of clouds (3/9)
Scrolls
 b - 3 scrolls of summoning
 h - 5 scrolls of immolation
 w - 9 scrolls of recharging
 y - 14 scrolls of remove curse
 B - 5 scrolls of blinking
 D - 4 scrolls of brand weapon
 E - a scroll of holy word
 K - 5 scrolls of fear
 M - 2 scrolls of magic mapping
 N - 6 scrolls of fog
 R - 5 scrolls of identify
 T - 4 scrolls of teleportation
 X - 7 scrolls of enchant armour
Potions
 k - 3 potions of haste
 m - 3 potions of mutation {!q}
 r - 7 potions of heal wounds
 H - 8 potions of might
 J - 3 potions of cancellation
 L - 3 potions of invisibility
 P - 2 potions of magic
 Q - 16 potions of curing
 Y - 7 potions of agility
Miscellaneous
 U - 2 boxes of beasts
 W - 3 sacks of spiders
Comestibles
 n - 19 bread rations
 u - 25 fruits
 v - a chunk of flesh
 z - 20 meat rations
 V - 25 royal jellies


   Skills:
 + Level 20.9 Fighting
 - Level 16.4 Maces & Flails
 - Level 1.7 Throwing
 + Level 18.9 Armour
 + Level 11.9 Dodging
 + Level 14.6 Shields
 - Level 11.4 Invocations
 - Level 3.3 Evocations


You had 21 spell levels left.
You didn't know any spells.

Dungeon Overview and Level Annotations

Branches:
Dungeon (15/15)            Temple (0/1) D:4            Lair (6/6) D:10
  Swamp (4/4) Lair:2       Spider (4/4) Lair:2        Slime (0/5) Lair:6
    Orc (2/2) D:10            Elf (0/3) Orc:2        Vaults (4/5) D:13
  Crypt (0/3) Vaults:2     Depths (0/5) D:15

Altars:
Cheibriados
Elyvilon
Fedhas
Hepliaklqana
Nemelex Xobeh
Okawaru
Qazlal
Trog
Uskayaw
Xom
The Shining One

Shops:
D:6 *   D:13 (   Orc:1 [   Orc:2 ?=*(   Vaults:2 *   Vaults:3 ?


Innate Abilities, Weirdness & Mutations

You are resistant to torment.
Your stone body is resilient. (AC +16)
You are immune to poison.
Your large and strong wings let you fly indefinitely.
You resist negative energy. (rN+)
You are resistant to electric shocks. (rElec)
You can survive without breathing.
You are immune to petrification.
You are immune to rotting.
Your mind is acute. (Int +2)
You are clumsy. (Dex -2)
You are covered in fur. (AC +1)


Message History

The deep elf archer casts a spell at you.
You easily resist.
The titan waves its arms in wide circles.
The air twists around and violently strikes you in flight!
* * * LOW HITPOINT WARNING * * *
Okawaru sends forces against you!
A deep elf blademaster, 2 titans, a yellow draconian and a deep elf archer come into view.
The deep elf archer is wielding a dagger of speed.
The yellow draconian is wielding a battleaxe of draining.
The vault sentinel blows a loud note on a signal horn!
You hear a shout! x4
Unknown command.
Unknown command.
Blink to where?
Press: ? - help, Dir - move target cursor You are very lightly contaminated with residual magic.
As you read the scroll of blinking, it crumbles to dust.
The deep elf archer shoots an arrow.
The arrow is repelled.
The titan waves its arms in wide circles.
The air twists around and violently strikes you in flight!
You die...

#....C.'§.....,#..
#...dCOO......,#..
#...eCC#...>,,,'..
#..(..T#,...,,,###
#...e..#,,.%,,,*
#....e.#*,,.,,**
#......#**,,,**
#.....(# **,** #
#@.....# *** ##
######## #. #. ##
# ##* #.# #.(


You could see 2 titans, a deep elf blademaster, a frost giant, a yellow
draconian, 2 two-headed ogres, a deep troll and 2 deep elf archers.

Vanquished Creatures
  Mara (Vaults:3)
  the Lernaean hydra (Swamp:4)
  A bone dragon (Abyss:3)
  Jorgrun (Vaults:3)
  2 tentacled monstrosities
  Asterion (Spider:4)
  A sphinx (Vaults:4)
  4 thorn hunters
  An ancient champion (Vaults:2)
  2 tengu reavers
  Donald (Orc:2)
  7 vault wardens
  A frost giant (D:15)
  A deep elf sorcerer (Vaults:4)
  An orc warlord (D:10)
  Aizul (Spider:1)
  5 ghost moths
  3 fire giants
  5 emperor scorpions
  12 ironheart preservers
  5 stone giants
  6 entropy weavers
  2 spark wasps
  A deep elf death mage (Vaults:2)
  A minotaur (Lab)
  An ettin (Vaults:2)
  A jiangshi (Vaults:2)
  A crystal guardian (Vaults:4)
  4 fire dragons
  3 yaktaur captains
  2 great orbs of eyes
  2 rakshasas (Vaults:2)
  Harold (D:10)
  10 vault guards
  21 hydras
  2 ice dragons
  Erolcha (Orc:2)
  A ghost crab (Swamp:2)
  A death knight (Vaults:4)
  2 catoblepae (Lair:6)
  11 centaur warriors
  27 two-headed ogres
  9 ogre magi
  3 tengu warriors (D:15)
  4 deep troll shamans
  15 alligators
  2 vampire magi (Vaults:2)
  2 deep troll earth magi
  4 orc high priests (Orc:2)
  8 death yaks
  3 thrashing horrors (Abyss:3)
  A sun demon (Abyss:2)
  4 spriggans (Swamp:3)
  7 deep elf knights
  2 shadow wraiths
  2 wretched stars
  3 skeletal warriors (D:14)
  9 deep trolls
  4 unseen horrors
  14 swamp dragons
  2 spriggan druids
  3 wizards
  Pikel (D:8)
  11 orc knights
  6 deep elf archers
  6 ironbrand convokers
  2 shambling mangroves
  A harpy (shapeshifter) (Vaults:3)
  4 orc sorcerers
  A sphinx zombie (Vaults:1)
  4 necromancers
  50 ugly things
  12 deep elf magi
  A mana viper (shapeshifter) (D:13)
  A wolf spider zombie (D:14)
  17 orb spiders
  28 wolf spiders
  8 cyclopes
  2 centaur zombies
  4 manticores
  3 moths of wrath
  Maurice (D:10)
  2 elephants (Lair:6)
  6 black mambas
  An orc zombie (Vaults:2)
  A guardian serpent (shapeshifter) (D:13)
  A storm dragon simulacrum (Vaults:2)
  5 vault sentinels
  3 smoke demons
  23 spiny frogs
  A torpor snail (Spider:3)
  A human zombie (Vaults:1)
  A hellion (Abyss:3)
  2 rime drakes
  A gargoyle (D:12)
  A yaktaur zombie (Vaults:2)
  12 demonic crawlers
  5 freezing wraiths
  4 komodo dragons
  An efreet (D:15)
  4 ancient zymes
  26 yaktaurs
  29 jumping spiders
  A queen bee (D:13)
  A large abomination (Abyss:2)
  6 trolls
  5 tyrant leeches
  11 polar bears (IceCv)
  17 hornets
  12 bog bodies
  31 slime creatures
  7 raiju (Abyss:3)
  A fire giant simulacrum (Vaults:2)
  13 blink frogs
  An ettin zombie (Vaults:2)
  13 dream sheep
  11 hippogriffs
  6 shadows
  A meliai zombie (D:14)
  89 redbacks
  Sigmund (D:6)
  2 vampires
  37 tarantellas
  77 yaks
  A ynoxinul (Abyss:3)
  6 wraiths
  3 wyverns
  An ettin skeleton (Vaults:2)
  6 basilisks
  20 vampire mosquitoes
  6 hungry ghosts (Lab)
  4 fire bats (Lair:1)
  A chaos spawn (Abyss:3)
  A steam dragon (Lair:5)
  5 insubstantial wisps (Swamp:2)
  4 wargs
  20 swamp worms
  2 acid dragons
  14 water moccasins
  5 porcupines
  14 swamp drakes
  An elf skeleton (Vaults:1)
  2 black bears
  A black bear (shapeshifter) (Vaults:2)
  3 phantoms
  2 ice beasts
  2 sky beasts
  2 eyes of draining
  A necrophage (D:7)
  31 orc warriors
  A tengu (shapeshifter) (D:13)
  28 ogres
  21 wolves
  21 centaurs
  14 crocodiles
  A bullfrog (shapeshifter) (Vaults:1)
  A gnoll sergeant (D:10)
  19 bullfrogs
  A water moccasin zombie (D:8)
  4 scorpions
  A small abomination (Abyss:2)
  22 killer bees
  A troll skeleton (Lab)
  2 orc simulacra
  12 wights
  5 electric eels
  3 howler monkeys
  A spriggan skeleton (Lab)
  11 crimson imps
  2 quasits
  3 bullfrog zombies
  6 centaur skeletons
  6 hounds
  7 jellies
  30 orc priests
  2 gnoll shamans
  2 iguanas
  31 orc wizards
  8 hell rats
  15 worker ants
  A hound zombie (D:11)
  A hound skeleton (D:11)
  A worker ant zombie (D:5)
  A howler monkey zombie (D:5)
  20 gnolls
  A howler monkey skeleton (D:6)
  13 adders
  6 shadow imps
  A white imp (Abyss:3)
  3 adder skeletons
  4 worms
  6 dart slugs
  7 leopard geckos
  87 orcs
  5 bats
  3 giant cockroaches
  5 goblins (D:1)
  15 hobgoblins
  10 jackals
  12 kobolds
  2 quokkas
  A ball python (D:8)
  3 frilled lizards
  A leopard gecko zombie (D:5)
  3 quokka skeletons
  A quokka zombie (D:5)
  6 rats
  6 briar patches
  A bush (Abyss:2)
  A demonic plant (Abyss:2)
  A plant (Lab)
1562 creatures vanquished.

Vanquished Creatures (others)
  A tyrant leech (Swamp:4)
  A redback (Spider:2)
  A spriggan (Swamp:3)
  A swamp drake (Swamp:4)
  An ettin simulacrum (Vaults:2)
  2 orcs (D:10)
  A giant cockroach (D:8)
  A quokka (D:8)
  3 briar patches (Swamp:4)
  2 bushes (Swamp:4)
  2 demonic plants (Abyss:2)
  19 fungi
  7 plants
42 creatures vanquished.

Grand Total: 1604 creatures vanquished

Notes
Turn   | Place    | Note
-------+----------+-------------------------------------------
     0 | D:1      | Gorglomux the Gargoyle Gladiator began the quest for the Orb.
     0 | D:1      | Reached XP level 1. HP: 12/12 MP: 1/1
   400 | D:1      | Reached XP level 2. HP: 18/18 MP: 2/2
   759 | D:1      | Reached skill level 3 in Fighting
  1197 | D:2      | Reached XP level 3. HP: 22/23 MP: 3/3
  1362 | D:2      | Reached XP level 4. HP: 29/29 MP: 4/4
  1479 | D:2      | Reached skill level 4 in Fighting
  1699 | D:2      | Found an iron altar of Okawaru.
  1707 | D:2      | Became a worshipper of Warmaster Okawaru
  1966 | D:2      | Reached XP level 5. HP: 34/34 MP: 5/5
  2935 | D:3      | Found a glowing golden altar of the Shining One.
  3204 | D:3      | Reached skill level 1 in Armour
  3287 | D:3      | Found a hazy altar of Hepliaklqana.
  3544 | D:4      | Reached XP level 6. HP: 31/39 MP: 6/6
  3578 | D:4      | Found a staircase to the Ecumenical Temple.
  3637 | D:4      | Got a faintly glowing mace
  3638 | D:4      | Identified the cursed +2 mace "Ecepigakk" {antimagic, Dex+3} (You found it on level 4 of the Dungeon)
  3786 | D:4      | Noticed a phantom
  3832 | D:4      | Gained mutation: You are clumsy. (Dex -2) [potion of mutation]
  3832 | D:4      | Gained mutation: Your mind is acute. (Int +2) [potion of mutation]
  3832 | D:4      | Gained mutation: You are covered in fur. (AC +1) [potion of mutation]
  3870 | D:4      | Killed a phantom
  3870 | D:4      | Reached * piety under Okawaru
  3870 | D:4      | Reached skill level 3 in Armour
  4082 | D:4      | Reached XP level 7. HP: 44/44 MP: 2/7
  4135 | D:4      | Reached skill level 6 in Maces & Flails
  4695 | D:5      | Entered Level 5 of the Dungeon
  4728 | D:5      | Reached skill level 1 in Invocations
  4750 | D:5      | Reached ** piety under Okawaru
  5117 | D:5      | Identified the Catalogue of Sinister Arts
  5310 | D:5      | Reached XP level 8. HP: 40/48 MP: 3/9
  5643 | D:6      | Reached skill level 5 in Fighting
  5643 | D:6      | Reached skill level 3 in Invocations
  5692 | D:6      | Got a fine whip
  5693 | D:6      | Identified the cursed +1 whip "Loofed" {slash, rElec MR- Int+2 Dex+5 Stlth+} (You found it on level 6 of the Dungeon)
  5855 | D:6      | Got a polished helmet
  5868 | D:6      | Identified the +0 helmet of Uruvic {Int+4} (You found it on level 6 of the Dungeon)
  6047 | D:6      | Reached *** piety under Okawaru
  6047 | D:6      | Reached skill level 6 in Fighting
  6194 | D:6      | Noticed Sigmund
  6224 | D:6      | Killed Sigmund
  6224 | D:6      | Reached XP level 9. HP: 56/56 MP: 12/12
  6228 | D:6      | Upgraded the game from 0.20.0-6-gd3061e9 to 0.20.0-7-g3b7b877
  6239 | D:6      | Found Vaxt's General Store.
  6247 | D:6      | Bought a scroll of recharging for 133 gold pieces
  6247 | D:6      | Bought a scroll of enchant armour for 105 gold pieces
  6247 | D:6      | Bought a scroll of amnesia for 49 gold pieces
  6341 | D:7      | Found a white marble altar of Elyvilon.
  6406 | D:7      | Noticed a two-headed ogre
  6415 | D:7      | Killed a two-headed ogre
  6415 | D:7      | Reached **** piety under Okawaru
  6415 | D:7      | Reached skill level 7 in Fighting
  6415 | D:7      | Reached skill level 6 in Invocations
  6429 | D:7      | Received a gift from Okawaru
  7274 | D:8      | Reached skill level 8 in Fighting
  7303 | D:8      | Reached skill level 9 in Maces & Flails
  7367 | D:8      | Reached XP level 10. HP: 64/64 MP: 13/15
  7502 | D:8      | Noticed a two-headed ogre
  7784 | D:8      | Noticed Pikel
  7800 | D:8      | Killed Pikel
  7877 | D:8      | Found a snail-covered altar of Cheibriados.
  7878 | D:8      | Found a bloodstained altar of Trog.
  7886 | D:8      | Reached ***** piety under Okawaru
  7888 | D:8      | Found a hide-covered altar of Uskayaw.
  7902 | D:8      | Found a stormy altar of Qazlal.
  7903 | D:8      | Found a blossoming altar of Fedhas.
  7973 | D:8      | Killed a two-headed ogre
  7973 | D:8      | Reached skill level 9 in Fighting
  8475 | D:9      | Noticed a two-headed ogre
  8601 | D:9      | Killed a two-headed ogre
  8601 | D:9      | Received a gift from Okawaru
  8609 | D:9      | Reached skill level 9 in Invocations
  8740 | D:9      | Reached XP level 11. HP: 72/72 MP: 17/17
  8743 | D:9      | Reached skill level 10 in Fighting
  8869 | D:10     | Entered Level 10 of the Dungeon
  9797 | D:10     | Found a staircase to the Orcish Mines.
 10135 | D:10     | Noticed Harold
 10164 | D:10     | Killed Harold
 10517 | D:10     | Found a staircase to the Lair.
 10698 | D:10     | Noticed Maurice
 10712 | D:10     | Killed Maurice
 10813 | D:10     | Noticed an orc warlord
 10851 | D:10     | Killed an orc warlord
 10851 | D:10     | Reached skill level 11 in Fighting
 11021 | D:11     | Noticed a two-headed ogre
 11026 | D:11     | Killed a two-headed ogre
 11029 | D:11     | Noticed a cyclops
 11457 | D:11     | Received a gift from Okawaru
 11460 | D:11     | Killed a cyclops
 11460 | D:11     | Reached XP level 12. HP: 58/80 MP: 18/20
 11712 | D:11     | Noticed a two-headed ogre
 11727 | D:11     | Killed a two-headed ogre
 11870 | D:11     | Reached skill level 12 in Maces & Flails
 11951 | D:11     | Reached skill level 12 in Fighting
 11968 | D:11     | Noticed a seven-headed hydra
 11974 | D:11     | Killed a seven-headed hydra
 11974 | D:11     | Received a gift from Okawaru
 12185 | Lair:1   | Entered Level 1 of the Lair of Beasts
 12864 | Lair:1   | Reached skill level 6 in Armour
 12931 | Lair:1   | Received a gift from Okawaru
 12937 | Lair:1   | Got a pair of polished boots {god gift}
 12943 | Lair:1   | Identified the +0 pair of boots of the Hidden Vale {god gift, rF+ rCorr Dex-3} (Okawaru gifted it to you on level 1 of the Lair of Beasts)
 13414 | Lair:2   | Found a staircase to the Swamp.
 13637 | Lair:2   | Reached XP level 13. HP: 87/87 MP: 21/21
 13673 | Lair:2   | Reached skill level 13 in Fighting
 13911 | Lair:2   | Found a hole to the Spider Nest.
 16007 | Lair:4   | Received a gift from Okawaru
 16007 | Lair:4   | Reached skill level 9 in Armour
 16015 | Lair:4   | Got a pair of scorched boots {god gift}
 16026 | Lair:4   | Identified the +0 pair of boots "Jepsemus" {god gift, Int+4 Dex+7} (Okawaru gifted it to you on level 4 of the Lair of Beasts)
 16043 | Lair:4   | Found a labyrinth entrance.
 16065 | Lab      | Entered a labyrinth
 16125 | Lab      | Got a steaming wooden ring
 16129 | Lab      | Identified the cursed ring of Tetuacew {EV-2 Str+2} (You found it in a labyrinth)
 16404 | Lab      | Reached skill level 14 in Fighting
 16490 | Lab      | Noticed a minotaur
 16496 | Lab      | Killed a minotaur
 16502 | Lab      | Got a vibrating granite ring
 16504 | Lab      | Identified the ring "Dahigyc" {rF+ rN+ Dex+4} (You found it in a labyrinth)
 16750 | Lair:4   | Gained mutation: Your large and strong wings let you fly indefinitely. [Gargoyle growth]
 16750 | Lair:4   | Reached XP level 14. HP: 52/96 MP: 15/22
 17637 | Lair:5   | Received a gift from Okawaru
 17647 | Lair:5   | Got a pair of bloodstained boots {god gift}
 17658 | Lair:5   | Identified the +0 pair of boots of Onuelloph {god gift, rPois Str+4 Int-4 Dex+2} (Okawaru gifted it to you on level 5 of the Lair of Beasts)
 18136 | Lair:6   | Entered Level 6 of the Lair of Beasts
 18755 | Lair:6   | Reached skill level 15 in Fighting
 18917 | Lair:6   | Found a staircase to the Slime Pits.
 19239 | Lair:6   | Reached ****** piety under Okawaru
 19592 | Lair:6   | Received a gift from Okawaru
 20723 | D:12     | Reached skill level 15 in Maces & Flails
 20762 | D:12     | Reached XP level 15. HP: 85/103 MP: 23/23
 21152 | D:13     | Reached skill level 12 in Armour
 21353 | D:13     | Found a frozen archway.
 21365 | IceCv    | Entered an ice cave
 22132 | D:13     | Found Gesachel's Weapon Shop.
 22422 | D:13     | Found a gate to the Vaults.
 22437 | D:14     | Found a sparkling altar of Nemelex Xobeh.
 22449 | D:14     | Reached skill level 1 in Shields
 22492 | D:14     | Received a gift from Okawaru
 22601 | D:14     | Reached skill level 16 in Fighting
 22840 | D:14     | Reached skill level 3 in Shields
 23295 | D:14     | Reached skill level 3 in Evocations
 23295 | D:14     | Reached XP level 16. HP: 104/110 MP: 24/24
 23477 | D:15     | Entered Level 15 of the Dungeon
 23954 | D:15     | Received a gift from Okawaru
 24355 | D:15     | Got a slimy morningstar {freeze}
 24356 | D:15     | Identified the +8 morningstar of Inconvenience {freeze, MP+9} (You took it off a tengu warrior on level 15 of the Dungeon)
 24767 | D:15     | Found a staircase to the Depths.
 24979 | D:15     | Reached XP level 17. HP: 90/116 MP: 25/25
 25376 | Orc:1    | Entered Level 1 of the Orcish Mines
 25377 | Orc:1    | Found Naujuik's Armour Shop.
 25488 | Orc:2    | Entered Level 2 of the Orcish Mines
 25536 | Orc:2    | Noticed Erolcha
 25536 | Orc:2    | Cast into level 2 of the Abyss (Erolcha)
 25749 | Orc:2    | Escaped the Abyss
 25762 | Orc:2    | Killed Erolcha
 25916 | Orc:2    | Found a staircase to the Elven Halls.
 25932 | Orc:2    | Noticed Donald
 25945 | Orc:2    | Killed Donald
 26040 | Orc:2    | Reached skill level 17 in Fighting
 26612 | Orc:2    | Found Zemanyed's Magic Scroll Shop.
 26612 | Orc:2    | Found Jiymme's Weapon Boutique.
 26612 | Orc:2    | Found Veocosil's Jewellery Shop.
 26656 | Orc:2    | Found Godwex's General Store.
 26658 | Orc:2    | Bought a scroll of enchant armour for 75 gold pieces
 26658 | Orc:2    | Bought a scroll of fear for 35 gold pieces
 26658 | Orc:2    | Bought a scroll of holy word for 75 gold pieces
 26661 | Orc:2    | Bought a scroll of silence for 105 gold pieces
 26661 | Orc:2    | Bought a +2 helmet of see invisible for 301 gold pieces
 27059 | Spider:1 | Entered Level 1 of the Spider Nest
 27091 | Spider:1 | Identified a scroll of acquirement
 27845 | Spider:1 | Received a gift from Okawaru
 27889 | Spider:1 | Got a pair of bloodstained boots {god gift}
 27900 | Spider:1 | Identified the +1 pair of boots "Atuob" {god gift, *Drain rElec rF- SInv} (Okawaru gifted it to you on level 1 of the Spider Nest)
 28011 | Spider:1 | Noticed Aizul
 28029 | Spider:1 | Killed Aizul
 30180 | Spider:3 | Reached skill level 6 in Shields
 30242 | Spider:3 | Received a gift from Okawaru
 30338 | Spider:3 | Reached XP level 18. HP: 69/124 MP: 26/26
 30638 | Spider:3 | Reached skill level 6 in Dodging
 30894 | Spider:3 | Reached skill level 15 in Armour
 31317 | Spider:4 | Entered Level 4 of the Spider Nest
 31318 | Spider:4 | Noticed Asterion
 31351 | Spider:4 | Killed Asterion
 32000 | Spider:4 | Received a gift from Okawaru
 32536 | Spider:4 | Reached skill level 18 in Fighting
 33191 | Spider:4 | Received a gift from Okawaru
 33859 | Spider:4 | Got a gossamer rune of Zot
 33989 | Swamp:1  | Entered Level 1 of the Swamp
 34450 | Swamp:1  | Found a shimmering altar of Xom.
 35101 | Swamp:2  | Reached skill level 9 in Shields
 36179 | Swamp:2  | Reached XP level 19. HP: 85/132 MP: 27/27
 37469 | Swamp:4  | Entered Level 4 of the Swamp
 37486 | Swamp:4  | Received a gift from Okawaru
 38325 | Swamp:4  | Reached skill level 19 in Fighting
 38622 | Swamp:4  | Noticed the 27-headed Lernaean hydra
 38637 | Swamp:4  | Killed the 27-headed Lernaean hydra
 38812 | Swamp:4  | Got a decaying rune of Zot
 39349 | Swamp:4  | Got a steaming iron amulet
 39350 | Swamp:4  | Identified the amulet of Vehumet's Favour {Spirit Dex+2} (You found it on level 4 of the Swamp)
 39737 | Vaults:1 | Entered Level 1 of the Vaults
 39740 | Vaults:1 | Reached skill level 9 in Dodging
 40131 | Vaults:1 | Received a gift from Okawaru
 40591 | Vaults:1 | Reached XP level 20. HP: 137/139 MP: 28/28
 40623 | Vaults:1 | Received a gift from Okawaru
 42335 | Vaults:2 | Received a gift from Okawaru
 42361 | Vaults:2 | Found a staircase to the Crypt.
 42401 | Vaults:2 | Found Telor's Assorted Antiques.
 42406 | Vaults:2 | Reached skill level 12 in Shields
 43257 | Vaults:2 | Received a gift from Okawaru
 43269 | Vaults:2 | Reached skill level 20 in Fighting
 44220 | Vaults:2 | Reached XP level 21. HP: 130/146 MP: 29/29
 44465 | Vaults:2 | Reached skill level 18 in Armour
 44755 | Vaults:3 | Noticed Mara
 44756 | Vaults:3 | Noticed Gorglomux's illusion
 44787 | Vaults:3 | Killed Mara
 45121 | Vaults:3 | Found Nagrympe's Magic Scroll Shoppe.
 45160 | Vaults:3 | Received a gift from Okawaru
 45585 | Vaults:3 | Received a gift from Okawaru
 45975 | Vaults:3 | Noticed Jorgrun
 45991 | Vaults:3 | Killed Jorgrun
 46485 | D:3      | Fell from the grace of Okawaru
 46485 | D:3      | Became a worshipper of the Shining One
 47070 | Vaults:4 | Cast into level 3 of the Abyss (a deep elf sorcerer)
 47088 | Abyss:3  | Reached * piety under the Shining One
 47365 | Abyss:3  | Noticed a bone dragon
 47414 | Abyss:3  | Killed a bone dragon
 47418 | Vaults:4 | Escaped the Abyss
 47426 | Vaults:4 | Reached ** piety under the Shining One
 47612 | Vaults:4 | Reached XP level 22. HP: 106/153 MP: 30/30
 48062 | Vaults:4 | Killed from afar by a titan

Skill      XL: |  1  2  3  4  5  6  7  8  9 10 11 12 13 14 15 16 17 18 19 20 21 |
---------------+----------------------------------------------------------------+-----
Fighting       | 3 4 6 8 9 11 12 14 15 16 17 18 19 20 | 20.9
Maces & Flails | 4 5 6 7 9 10 11 12 13 15 16 | 16.4
Armour         | 1 3 5 7 9 11 12 13 14 15 17 18 | 18.9
Invocations    | 2 4 7 9 10 11 | 11.4
Shields        | 3 6 9 11 12 14 | 14.6
Dodging        | 4 5 7 9 10 11 | 11.9
Evocations     | 3 |  3.3
Throwing       | |  1.7

Action                   |  1- 3 |  4- 6 |  7- 9 | 10-12 | 13-15 | 16-18 | 19-21 | 22-24 || total
-------------------------+-------+-------+-------+-------+-------+-------+-------+-------++-------
Melee: Flail             |    38 |   155 |       |       |       |       |       |       ||   193
       Mace              |       |    77 |   203 |       |       |       |       |       ||   280
       Whip              |       |       |   309 |   277 |       |       |       |       ||   586
       Punch             |       |       |     1 |     1 |       |     1 |       |       ||     3
       Dire flail        |       |       |       |   572 |  1423 |    57 |       |       ||  2052
       Great mace        |       |       |       |       |       |   136 |       |       ||   136
       Morningstar       |       |       |       |       |       |  1598 |  1894 |    89 ||  3581
       Eveningstar       |       |       |       |       |       |    13 |       |       ||    13
       Demon whip        |       |       |       |       |       |       |   352 |       ||   352
       Unarmed           |       |       |       |       |       |       |    22 |       ||    22
 Fire: Hunting sling     |    26 |    73 |       |       |       |       |       |       ||    99
Throw: Throwing net      |       |     2 |       |       |       |       |       |       ||     2
       Tomahawk          |       |       |     3 |       |       |       |       |       ||     3
       Javelin           |       |       |     2 |     2 |       |       |       |       ||     4
Invok: Heroism           |       |       |     3 |    12 |    18 |    12 |    14 |       ||    59
       Finesse           |       |       |       |     1 |     3 |     2 |     5 |       ||    11
 Abil: Fly               |       |       |       |       |     1 |       |       |       ||     1
Evoke: Wand              |       |       |     7 |     6 |     3 |     4 |     5 |       ||    25
       Box of beasts     |       |       |       |       |       |       |     1 |       ||     1
  Use: Potion            |       |     1 |       |       |     2 |     1 |     1 |     1 ||     6
       Scroll            |       |       |    10 |     7 |    14 |    15 |     6 |     4 ||    56
 Stab: Held in net/web   |       |     1 |       |       |       |       |       |       ||     1
       Paralysed         |       |       |     8 |     7 |       |       |       |       ||    15
       Confused          |       |       |     2 |     2 |     1 |       |     1 |       ||     6
       Petrified         |       |       |       |       |     2 |       |       |       ||     2
       Petrifying        |       |       |       |       |     1 |       |       |       ||     1
       Distracted        |       |       |       |       |       |       |     1 |       ||     1
  Eat: Chunk             |     1 |     9 |    11 |    21 |    42 |    43 |    40 |     1 ||   168
       Meat ration       |       |       |       |       |     2 |       |       |       ||     2
Armor: Leather armour    |    12 |    61 |       |       |       |       |       |       ||    73
       Chain mail        |       |   101 |   254 |   346 |       |       |       |       ||   701
       Plate armour      |       |       |       |   130 |   149 |       |       |       ||   279
       Fire dragon scale |       |       |       |       |   699 |  1459 |  1136 |    37 ||  3331
       Skin              |       |       |       |       |    10 |       |       |       ||    10
Dodge: Dodged            |    21 |   154 |   183 |   305 |   590 |   923 |  1049 |    25 ||  3250
       Deflected         |       |       |       |       |    10 |    29 |    39 |     3 ||    81
Block: Shield            |       |       |       |       |       |   742 |  1559 |    53 ||  2354
